 Dungeon Crawl Stone Soup version 0.28-b1-25-g9875b3fc8c (webtiles) character file.

Game seed: 16970045244103170147

802 inmateoo the Cudgeller (level 7, 0/44 HPs)
             Began as a Gargoyle Gladiator on Feb 5, 2022.
             Slain by a gnoll (4 damage)
             ... on level 5 of the Dungeon.
             The game lasted 00:04:00 (5155 turns).

inmateoo the Cudgeller (Gargoyle Gladiator)         Turns: 5155, Time: 00:04:00

Health: 0/44       AC: 17    Str: 19    XL:     7   Next: 90%
Magic:  7/7        EV:  8    Int:  9    God:
Gold:   175        SH:  0    Dex: 11    Spells: 6/6 levels left

rFire   . . .      SeeInvis .   a - +1 flail
rCold   . . .      Faith    .   (no shield)
rNeg    + . .      Spirit   .   f - +0 chain mail
rPois   ∞          Reflect  .   c - +0 helmet
rElec   +          Harm     .   (no cloak)
rCorr   .          Rampage  .   (no gloves)
Will    .....                   (no boots)
Stlth   ..........              (no amulet)
HPRegen 0.14/turn               n - +4 ring of protection
MPRegen 0.10/turn               (no ring)

@: no status effects
A: sickness immunity, AC +4, negative energy resistance 1, electricity
resistance, torment resistance 1, petrification resistance
a: no special abilities


You were on level 5 of the Dungeon.
You visited 2 branches of the dungeon, and saw 6 of its levels.

You collected 175 gold pieces.

Inventory:

Hand Weapons
 a - a +1 flail (weapon)
 q - the +0 trident "Saclezoh" {venom, +Blink Fly Str+9 Int-3}
   (You found it on level 3 of the Dungeon)

   It poisons the flesh of those it strikes.
   Str:       It affects your strength (+9).
   Int:       It affects your intelligence (-3).
   Fly:       It grants you flight.
   +Blink:    It lets you blink.
 t - a +2 whip of draining
Missiles
 d - 3 throwing nets (quivered)
Armour
 c - a +0 helmet (worn)
 f - a +0 chain mail (worn)
Jewellery
 b - an amulet of magic regeneration
 n - a +4 ring of protection (left hand)
 o - a ring of flight
Wands
 w - a wand of flame (7)
Scrolls
 i - 2 scrolls of blinking
 u - 2 scrolls of enchant weapon
Potions
 g - 2 potions of haste
 l - 3 potions of might {unknown}
 m - a potion of invisibility {unknown}
 r - a potion of heal wounds {unknown}
 s - a potion of lignification


   Skills:
 + Level 5.6 Fighting
 * Level 7.4 Maces & Flails
 - Level 1.7 Throwing
 - Level 3.0 Dodging


You had 6 spell levels left.
You didn't know any spells.
Your spell library contained the following spells:

 Spells                   Type           Power      Damage    Failure   Level
 Foxfire                  Conj/Fire      0%         2x1d4     99%         1
 Magic Dart               Conj           0%         1d3       99%         1
 Call Imp                 Summ           0%         N/A       100%        2
 Mephitic Cloud           Conj/Pois/Air  0%         N/A       100%        3


Dungeon Overview and Level Annotations

Branches:
Dungeon (5/15)             Temple (1/1) D:5

Altars:
Ashenzari
Elyvilon
Fedhas
Gozag
Hepliaklqana
Kikubaaqudgha
Makhleb
Qazlal
Ru
Sif Muna
Trog
Vehumet
Xom
Yredelemnul
Zin
The Shining One
Lugonu

Annotations:
D:3 3 runed translucent doors, Suckerboh's ghost, amateur DEFE


Innate Abilities, Weirdness & Mutations

You are immune to sickness and miasma.
Your stone body is resilient. (AC +4)
You are immune to poison.
You resist negative energy. (rN+)
You are resistant to electric shocks. (rElec)
You are resistant to unholy torment.
You are immune to petrification.


Message History

The gnoll sergeant hits you with a +0 spear.
You hit the gnoll sergeant but do no damage.
The gnoll sergeant is moderately wounded.
The gnoll hits you but does no damage.
The gnoll sergeant hits you but does no damage.
You hit the gnoll sergeant.
The gnoll sergeant is heavily wounded.
The gnoll hits you but does no damage.
The gnoll sergeant hits you with a +0 spear.
You hit the gnoll sergeant.
The gnoll sergeant is severely wounded.
The gnoll barely misses you.
The gnoll sergeant hits you but does no damage.
You barely miss the gnoll sergeant.
The gnoll sergeant is severely wounded.
The gnoll closely misses you.
The gnoll sergeant hits you with a +0 spear!
You are too injured to fight recklessly!
You sock the gnoll sergeant!
The gnoll sergeant is almost dead.
The gnoll hits you from afar with a +0 spear.
The gnoll sergeant hits you with a +0 spear.
* * * LOW HITPOINT WARNING * * *
You are too injured to fight recklessly!
You sock the gnoll sergeant!
You kill the gnoll sergeant!
The gnoll barely misses you.
You are too injured to fight recklessly!
The gnoll hits you from afar with a +0 spear.
* * * LOW HITPOINT WARNING * * *
You see here a +0 quarterstaff.
The gnoll hits you but does no damage.
You barely miss the gnoll. The gnoll misses you.
You thump the gnoll!
The gnoll is severely wounded.
The gnoll hits you but does no damage.
You barely miss the gnoll.
The gnoll is severely wounded.
The gnoll hits you with a +0 spear.
You die...

#### #... #.. #.# #.####
... .#.# #.....
##.#.####.#.# #..>..
#.....#......#.####.....
#.##.##..#)# ..#.##.....
#.##.##..#@# ..#.##...#
#.##.##..#g# #..#.##...####
#.##.##..#)###g.#..........
#.##.##..#)#..g.#.####.###.
#.##.##..#.#.#..#.# #.# #.
#.##............#.# #.# #.
#....≈≈≈≈≈≈≈≈≈..#.# #.# #.
#.#..≈.......≈..#.# #.# #.
#.##.≈(#####.≈..#.####.###.


You could see a gnoll.

Vanquished Creatures
  A black bear (D:3)
  An ogre (D:5)
  A centaur (D:5)
  A gnoll sergeant (D:5)
  A water moccasin skeleton (D:5)
  A howler monkey (D:5)
  A hound (D:3)
  An orc priest (D:3)
  A jelly (D:4)
  A centaur skeleton (D:4)
  An iguana (D:4)
  Jessica (D:2)
  7 gnolls
  6 adders
  A white imp (D:3)
  2 adder skeletons
  A worm (D:3)
  2 dart slugs
  3 orcs
  9 bats
  7 endoplasms
  3 giant cockroaches
  6 goblins
  5 hobgoblins
  16 jackals
  3 quokkas
  5 ball pythons
  2 frilled lizards (D:2)
  10 kobolds
  3 rats
103 creatures vanquished.

Notes
Turn   | Place    | Note
-------+----------+-------------------------------------------
     0 | D:1      | inmateoo the Gargoyle Gladiator began the quest for the
                  | Orb.
     0 | D:1      | Reached XP level 1. HP: 12/12 MP: 1/1
   205 | D:1      | Reached XP level 2. HP: 6/18 MP: 2/2
   644 | D:1      | Reached XP level 3. HP: 22/22 MP: 3/3
   822 | D:1      | Found a faded altar of an unknown god.
  1404 | D:2      | Noticed Jessica
  1409 | D:2      | Killed Jessica
  1410 | D:2      | Reached skill level 4 in Maces & Flails
  1410 | D:2      | Reached XP level 4. HP: 24/28 MP: 4/4
  1791 | D:3      | Found a broken altar of Ashenzari.
  1871 | D:3      | Found a sacrificial altar of Ru.
  1948 | D:3      | Reached XP level 5. HP: 30/32 MP: 5/5
  2206 | D:3      | Found a bloodstained altar of Trog.
  2214 | D:3      | Reached skill level 5 in Maces & Flails
  2229 | D:3      | Found a shimmering blue altar of Sif Muna.
  2233 | D:3      | Got Sif Muna's Handbook of Flames
  2316 | D:3      | Found a runed translucent gate.
  2316 | D:3      | Noticed Suckerboh's ghost (amateur DEFE)
  2317 | D:3      | Found a runed translucent gate.
  2317 | D:3      | Found a runed translucent gate.
  2502 | D:3      | Identified the +0 trident "Saclezoh" {venom, +Blink Fly
                  | Str+9 Int-3}
  2598 | D:4      | Reached XP level 6. HP: 19/38 MP: 6/6
  3050 | D:4      | Found an ancient bone altar of Kikubaaqudgha.
  3442 | D:4      | Noticed a black bear
  3443 | D:4      | Found a stormy altar of Qazlal.
  3505 | D:3      | Killed a black bear
  3506 | D:3      | Reached skill level 6 in Maces & Flails
  3623 | D:4      | Found a shimmering altar of Xom.
  3848 | D:4      | Reached XP level 7. HP: 41/44 MP: 7/7
  4253 | D:5      | Entered Level 5 of the Dungeon
  4363 | D:5      | Found a staircase to the Ecumenical Temple.
  4405 | Temple   | Entered the Ecumenical Temple
  4616 | D:5      | Reached skill level 5 in Fighting
  4957 | D:5      | Found a radiant altar of Vehumet.
  5013 | D:5      | Reached skill level 7 in Maces & Flails
  5155 | D:5      | Slain by a gnoll

Illustrated notes

Levels and vault maps discovered:
D:1:      dpeg_arrival_lava_temple_mockup, layout_basic,
          shapermc_ecumenical_altar_notcrosses, minmay_statues_item
D:2:      layout_loops_ring, uniq_jessica
D:3:      layout_basic, nzn_overflow_gifts_of_might_and_magic,
          general_overflow_altar, nicolae_ru_great_annihilating_truth,
          gammafunk_ghost_split, grunt_ministairs_15
D:4:      layout_gridville, mainiacjoe_overflow_alcove_2, minitemple
D:5:      layout_basic, mainiacjoe_overflow_brackets,
          minmay_temple_entry_mini_moons, serial_shops, shop_fountains
Temple:   corrupted_temple

Skill      XL: |  1  2  3  4  5  6  7 |
---------------+----------------------+-----
Fighting       | 3 4 5 |  5.6
Maces & Flails | 4 5 6 7 |  7.4
Dodging        | 3 |  3.0
Throwing       | |  1.7

Action                   |  1- 3 |  4- 6 |  7- 9 || total
-------------------------+-------+-------+-------++-------
Melee: Flail             |   112 |   171 |    75 ||   358
       Punch             |     1 |     2 |       ||     3
Throw: Throwing net      |       |     1 |       ||     1
  Use: Scroll            |     1 |       |     9 ||    10
 Stab: Paralysed         |       |     1 |       ||     1
Armor: Chain mail        |    93 |   120 |    64 ||   277
       Leather armour    |     1 |       |       ||     1
Dodge: Dodged            |    54 |    71 |    52 ||   177
